 Dungeon Sprint DCSS version 0.29-a0-330-g52719c12eb (webtiles) character file.

Game seed: 6847017341999582274

107 jt the Quickloader (level 4, -5/39 HPs)
             Began as a Naga Hunter on Apr 30, 2022.
             Engulfed by Sigmund's steam (17 damage)
             ... in the Dungeon (Sprint I: "Red Sonja").
             The game lasted 00:01:30 (474 turns).

jt the Quickloader (Naga Hunter)                     Turns: 474, Time: 00:01:31

Health: -5/39      AC:  2    Str: 13    XL:     4   Next: 85%
Magic:  4/4        EV:  9    Int: 10    God:
Gold:   54         SH:  0    Dex: 16    Spells: 3/3 levels left

rFire   . . .      SeeInvis +   a - +1 hand crossbow
rCold   . . .      Faith    .   (no shield)
rNeg    . . .      Spirit   .   b - +0 leather armour
rPois   +          Reflect  .   (no helmet)
rElec   .          Harm     .   (no cloak)
rCorr   .          Rampage  .   (no gloves)
Will    .....      NoTele   +   (no barding)
Stlth   +.........              (no amulet)
HPRegen 0.13/turn               (no ring)
MPRegen 0.09/turn               (no ring)

@: confused, very slow
A: AC +1, large, see invisible, deformed body, poison resistance, slowness 2,
spit poison 1, naga tail 1
a: Spit Poison


You were in the Dungeon.
You visited 1 branch You collected 54 gold pieces.

Inventory:

Hand Weapons
 a - a +1 hand crossbow (weapon)
 d - a +0 club
Armour
 b - a +0 leather armour (worn)
Scrolls
 c - a scroll of immolation
Potions
 f - a potion of haste
 g - 2 potions of magic


   Skills:
 - Level 2.0 Fighting
 + Level 9.2 Crossbows
 - Level 1.5 Dodging
 - Level 1.5 Stealth


You had 3 spell levels left.
You didn't know any spells.
Your spell library was empty.

Dungeon Overview and Level Annotations

Branches:
Dungeon (1/1)

Altars:

Annotations:
D Sigmund


Innate Abilities, Weirdness & Mutations

Your serpentine skin is tough. (AC +1)
You have supernaturally acute eyesight. (SInv)
Armour fits poorly on your strangely shaped body.
Your system is resistant to poisons. (rPois)
You cover ground very slowly.
You can spit poison.
You have a snake-like lower body.


Message History

Sigmund mumbles some strange words.
Sigmund flickers and vanishes for a moment.
You shoot a bolt. The bolt barely misses Sigmund.
Sigmund gestures at you while chanting. The magic dart hits you!
Sigmund misses you.
You shoot a bolt. The bolt barely misses Sigmund.
You shoot a bolt. The bolt hits Sigmund.
Sigmund is severely wounded.
Sigmund gestures at you while chanting.
You are confused.
You are too confused!
You have got your breath back.
Sigmund says, "Your kind have come here before.
I understand now why.
You desire death..."
Sigmund drinks a potion.
Sigmund is healed!
Sigmund looks more healthy.
There is an open door here.
Sigmund casts a spell at you.
You are more confused.
There is an open door here.
Sigmund points at you and mumbles some strange words.
You are more confused.
You see here a +0 leather armour.
Sigmund hits you from afar with a +0 scythe.
Sigmund barely misses you.
There is a fountain of clear blue water here.
Sigmund hits you from afar with a +0 scythe.
There is a fountain of clear blue water here.
You bump into the rock wall.
Sigmund points at you and mumbles some strange words.
The puff of flame misses you.
Sigmund points at you and mumbles some strange words.
The magic dart hits you.
There is a fountain of clear blue water here.
You bump into the stone wall.
You are engulfed in a cloud of scalding steam.
Sigmund casts a spell at you.
You are more confused.
Sigmund closely misses you.
You bump into the rock wall.
You are engulfed in a cloud of scalding steam.
You die...

########## #
#<.#.)'..#..+
#.['..#..'..#
#..#####'####
#..# #..#
#@.# ####
#..# #@⌠#
####


You could see Sigmund (invisible).

Vanquished Creatures
  An ogre (D)
  Ijyb (D)
2 creatures vanquished.

Notes
Turn   | Place    | Note
-------+----------+-------------------------------------------
     0 | D        | jt the Naga Hunter began the quest for the Orb.
     0 | D        | Reached XP level 1. HP: 19/19 MP: 1/1
     2 | D        | Noticed Ijyb
    25 | D        | Killed Ijyb
    26 | D        | Reached skill level 6 in Crossbows
    26 | D        | Reached XP level 2. HP: 2/26 MP: 2/2
    26 | D        | Reached XP level 3. HP: 3/32 MP: 3/3
   327 | D        | Noticed an ogre
   333 | D        | Killed an ogre
   334 | D        | Reached skill level 9 in Crossbows
   334 | D        | Reached XP level 4. HP: 36/39 MP: 4/4
   450 | D        | Noticed Sigmund
   474 | D        | Engulfed by Sigmund's steam

Illustrated notes

Levels and vault maps discovered:
D:        dungeon_sprint_1 [red_sonja_temple_1, red_sonja_temple_small_1]

Skill      XL: |  1  2  3 |
---------------+----------+-----
Crossbows      | 6 9 |  9.2
Fighting       | |  2.0
Dodging        | |  1.5
Stealth        | |  1.5

Action                   |  1- 3 |  4- 6 || total
-------------------------+-------+-------++-------
Melee: Club              |     2 |       ||     2
 Fire: Hand crossbow     |     7 |     6 ||    13
 Abil: Spit Poison       |     3 |     1 ||     4
  Use: Potion            |     3 |       ||     3
       Scroll            |     1 |       ||     1
Armor: Leather armour    |     1 |       ||     1
Dodge: Dodged            |     4 |     4 ||     8

Table legend: (Time is in decaauts)
 A = Elapsed time spent in this place.
 B = Non-inter-level travel time spent in this place.
 C = Inter-level travel time spent in this place.
 D = Time resting spent in this place.
 E = Time spent auto-exploring this place.
 F = Levels seen in this place.
 G = Mean time per level.
                   A        B        C        D        E       F      G
               +--------+--------+--------+--------+--------+-----+--------+
         Total |    498 |    498 |      0 |    396 |      0 |   1 |  498.0 |
       Dungeon |    498 |    498 |      0 |    396 |      0 |   1 |  498.0 |
               +--------+--------+--------+--------+--------+-----+--------+

Top non-repeatable levels by time:
       D: 498 daAuts
